 Dungeon Crawl Stone Soup version 0.21.1-1-g345015f (webtiles) character file.

5918 nicolaieve the Cleaver (level 10, 0/90 HPs)
             Began as a Minotaur Berserker on July 7, 2018.
             Was a High Priest of Trog.
             Slain by a hellwing (9 damage)
             ... summoned by an orc high priest
             ... on level 9 of the Dungeon.
             The game lasted 00:28:13 (6219 turns).

nicolaieve the Cleaver (Minotaur Berserker)         Turns: 6219, Time: 00:28:15

Health: 0/90       AC: 16    Str: 24    XL:     10   Next: 53%
Magic:  9/9        EV:  8    Int:  4    God:    Trog [*****.]
Gold:   635        SH:  0    Dex: 11    Spells: 9/9 levels left

rFire    + . .     SeeInvis .   l - +7 hand axe "Uveaxac" {chop, rF+ rN+}
rCold    . . .     Gourm    .   (no shield)
rNeg     + . .     Faith    .   o - +0 plate armour
rPois    .         Spirit   .   (helmet restricted)
rElec    .         Reflect  .   t - +0 cloak
rCorr    .         Harm     .   r - +0 pair of gloves
MR       +....                  (no boots)
Stlth    ..........             (no amulet)
HPRegen  0.25/turn              C - ring of protection from magic
MPRegen  0.11/turn              (no ring)

@: no status effects
A: retaliatory headbutt, horns 2
a: Berserk, Trog's Hand, Brothers in Arms, Burn Spellbooks, Renounce Religion


You were on level 9 of the Dungeon.
You worshipped Trog.
Trog was extremely pleased with you.
You were not hungry.

You visited 1 branch of the dungeon, and saw 9 of its levels.
You also visited: Ossuary.

You collected 635 gold pieces.

Inventory:

Hand Weapons
 l - the +7 hand axe "Uveaxac" (weapon) {chop, rF+ rN+}
   (You found it on level 5 of the Dungeon)

   It inflicts extra damage upon your enemies.
   It protects you from fire.
   It protects you from negative energy.
 u - a +0 flail of protection
Armour
 o - a +0 plate armour (worn)
 r - a +0 pair of gloves (worn)
 t - a +0 cloak (worn)
Jewellery
 C - a ring of protection from magic (left hand)
Wands
 d - a wand of enslavement (15)
 v - a wand of flame (19)
 F - a wand of digging (17)
 G - a wand of iceblast (3)
Scrolls
 a - a scroll of blinking {unknown}
 b - a scroll of fog {unknown}
 e - 3 scrolls of enchant armour {unknown}
 f - a scroll of fear {unknown}
 g - 3 scrolls of magic mapping
 h - 4 scrolls of teleportation {unknown}
 i - 2 scrolls of noise {unknown}
 j - a scroll of amnesia {unknown}
 s - 6 scrolls of remove curse
 y - 2 scrolls of enchant weapon {unknown}
 z - 2 scrolls of identify
 D - a scroll of vulnerability {unknown}
Potions
 k - 2 potions of brilliance
 m - a potion of flight
 n - 3 potions of haste
 p - 3 potions of curing
 q - 2 potions of might
 w - a potion of lignification
 x - a potion of agility
 A - 2 potions of invisibility
 E - 2 potions of cancellation {unknown}
Comestibles
 c - 11 rations


   Skills:
 + Level 8.5 Fighting
 * Level 14.8 Axes
 + Level 8.9 Armour
 - Level 2.1 Dodging


You had 9 spell levels left.
You didn't know any spells.

Dungeon Overview and Level Annotations

Branches:
Dungeon (9/15)             Temple (0/1) D:6            Lair (0/6) D:8
    Orc: D:9-12

Altars:
Elyvilon
Gozag
Kikubaaqudgha
Okawaru
Qazlal
Xom
Yredelemnul
Zin
The Shining One

Shops:
D:8 *[[*


Innate Abilities, Weirdness & Mutations

You reflexively headbutt those who attack you in melee.
You have a pair of horns on your head.


Message History

The orc high priest hits you with a battleaxe.
* * * LOW HITPOINT WARNING * * *
The ice devil hits you but does no damage.
The orc high priest hits you but does no damage.
The ice devil closely misses you.
The orc high priest prays to Beogh.
The ice devil barely misses you.
The orc high priest hits you but does no damage.
The ice devil barely misses you. You furiously retaliate!
You headbutt the ice devil, but do no damage.
The ice devil barely misses you. You furiously retaliate!
You headbutt the ice devil.
The hellwing hits you but does no damage.
The hellwing hits you.
* * * LOW HITPOINT WARNING * * *
The orc high priest hits you with a battleaxe!
* * * LOW HITPOINT WARNING * * *
The ice devil hits you but does no damage.
The hellwing hits you!
You die...

.. #.#########
............#
#8..8#....#.#
##....##..##.## ####
#......##.#...####..##
#$$$$# #.#........#<#
##########.#...####...#
+⌠......@o4#########.##
#.._.._44#........ #<#
#⌠......)#..###### #.#
#........#..# #..
##########..# #### ..#.
###.# .# .#


You could see an orc high priest, a hellwing, an ice devil and a chaos spawn.

Vanquished Creatures
  A wolf spider (D:9)
  The ghost of TotesWizzard the Martial Artist, a novice MfTm (D:5)
  An efreet (D:9)
  Prince Ribbit (D:6)
  A wyvern (D:8)
  A basilisk (D:8)
  2 hungry ghosts
  Duvessa (D:6)
  4 porcupines
  A water moccasin (D:5)
  2 black bears (D:8)
  4 phantoms
  An ice beast (D:8)
  3 ogres
  2 centaurs
  A wolf (D:7)
  4 crocodiles (D:8)
  An elf zombie (Ossuary)
  2 big kobolds
  2 bullfrogs (D:6)
  A gnoll sergeant (D:6)
  Dowan (D:6)
  5 killer bees (D:7)
  4 crimson imps
  A centaur zombie (Ossuary)
  A gnoll shaman (D:5)
  3 hounds
  2 bullfrog zombies (D:5)
  A jelly (D:9)
  3 orc priests
  3 orc wizards
  A centaur skeleton (D:7)
  2 iguanas
  A bullfrog skeleton (D:4)
  Natasha (thrice) (D:2)
  11 worker ants
  A big kobold zombie (Ossuary)
  A hound zombie (D:6)
  2 mummies (Ossuary)
  2 worker ant zombies
  16 gnolls
  4 adders
  3 shadow imps
  An ooze (D:6)
  An adder zombie (D:3)
  5 worms
  4 dart slugs
  A leopard gecko (D:7)
  22 orcs
  8 bats
  4 giant cockroaches
  9 goblins
  9 hobgoblins
  18 jackals
  16 kobolds
  4 quokkas
  2 ball pythons
  7 frilled lizards
  3 goblin zombies (Ossuary)
  4 hobgoblin zombies (Ossuary)
  A leopard gecko skeleton (D:8)
  A leopard gecko zombie (D:5)
  4 orc zombies (Ossuary)
  8 rats
  A fungus (D:8)
241 creatures vanquished.

Notes
Turn   | Place    | Note
-------+----------+-------------------------------------------
     0 | D:1      | nicolaieve the Minotaur Berserker began the quest for the Orb.
     0 | D:1      | Reached XP level 1. HP: 19/19 MP: 0/0
    51 | D:1      | Reached skill level 4 in Axes
    52 | D:1      | Reached XP level 2. HP: 24/27 MP: 1/1
   607 | D:2      | Reached ** piety under Trog
   607 | D:2      | Reached XP level 3. HP: 33/33 MP: 2/2
   934 | D:2      | Found a basalt altar of Yredelemnul.
   989 | D:2      | Found a stormy altar of Qazlal.
  1090 | D:2      | Found an ancient bone altar of Kikubaaqudgha.
  1097 | D:2      | Reached skill level 5 in Axes
  1102 | D:2      | Found an iron altar of Okawaru.
  1103 | D:2      | Found a glowing golden altar of the Shining One.
  1103 | D:2      | Noticed Natasha
  1118 | D:2      | Killed Natasha
  1118 | D:2      | Reached XP level 4. HP: 32/41 MP: 3/3
  1119 | D:2      | Found a shimmering altar of Xom.
  1125 | D:2      | Found an opulent altar of Gozag.
  1128 | D:2      | Noticed Natasha
  1133 | D:2      | Killed Natasha
  1137 | D:2      | Noticed Natasha
  1140 | D:2      | Killed Natasha
  1255 | D:2      | Reached skill level 6 in Axes
  1373 | D:2      | Reached XP level 5. HP: 47/47 MP: 4/4
  1730 | D:3      | Reached *** piety under Trog
  2313 | D:4      | Noticed an ogre
  2319 | D:4      | Killed an ogre
  2319 | D:4      | Reached skill level 7 in Axes
  2319 | D:4      | Reached XP level 6. HP: 55/55 MP: 5/5
  2388 | D:4      | Reached skill level 5 in Fighting
  2482 | D:4      | Reached skill level 8 in Axes
  2482 | D:4      | Reached XP level 7. HP: 40/61 MP: 6/6
  2666 | D:4      | Noticed a hungry ghost
  2704 | D:4      | Killed a hungry ghost
  2704 | D:4      | Reached skill level 9 in Axes
  2947 | D:4      | Reached skill level 5 in Armour
  3010 | D:5      | Entered Level 5 of the Dungeon
  3129 | D:5      | Reached XP level 8. HP: 70/70 MP: 7/7
  3139 | D:5      | Found a sand-covered staircase.
  3192 | Ossuary  | Entered an ossuary
  3203 | Ossuary  | Reached **** piety under Trog
  3224 | Ossuary  | Reached skill level 10 in Axes
  3432 | D:5      | Got a jewelled hand axe
  3433 | D:5      | Identified the +7 hand axe "Uveaxac" {chop, rF+ rN+} (You found it on level 5 of the Dungeon)
  3448 | D:5      | Noticed TotesWizzard's ghost (novice MfTm)
  3458 | D:5      | Killed TotesWizzard's ghost
  3458 | D:5      | Reached skill level 11 in Axes
  3787 | D:6      | Noticed Duvessa
  3790 | D:6      | Noticed Dowan
  3801 | D:6      | Killed Duvessa
  3801 | D:6      | Reached XP level 9. HP: 63/78 MP: 8/8
  3805 | D:6      | Killed Dowan
  3805 | D:6      | Reached skill level 12 in Axes
  3839 | D:6      | Noticed Prince Ribbit
  3850 | D:6      | Killed Prince Ribbit
  4053 | D:6      | Found a staircase to the Ecumenical Temple.
  4089 | D:6      | Reached skill level 13 in Axes
  4226 | D:6      | Reached ***** piety under Trog
  5263 | D:8      | Found Muguegam's General Store.
  5268 | D:8      | Found Monkey's Armour Emporium.
  5279 | D:8      | Found a staircase to the Lair.
  5290 | D:8      | Reached XP level 10. HP: 31/88 MP: 9/9
  5315 | D:7      | Reached skill level 14 in Axes
  5568 | D:8      | Found a glowing silver altar of Zin.
  5603 | D:8      | Found Giromes's Assorted Antiques.
  5604 | D:8      | Found Beazxau's Armour Shoppe.
  5638 | D:8      | Noticed a two-headed ogre
  5978 | D:9      | Found a stormy altar of Qazlal.
  5978 | D:9      | Found a white marble altar of Elyvilon.
  5979 | D:9      | Noticed a wolf spider
  5998 | D:9      | Killed a wolf spider
  6003 | D:9      | Noticed an orc high priest
  6219 | D:9      | Slain by a hellwing

Skill      XL: |  1  2  3  4  5  6  7  8  9 10 |
---------------+-------------------------------+-----
Axes           | 4 5 6 7 8 9 11 13 14 | 14.8
Fighting       | 4 5 6 7 8 |  8.5
Armour         | 3 4 5 6 7 8 |  8.9
Dodging        | |  2.1

Action                   |  1- 3 |  4- 6 |  7- 9 | 10-12 || total
-------------------------+-------+-------+-------+-------++-------
Melee: Hand axe          |   114 |   136 |   353 |    83 ||   686
       Headbutt          |    15 |    22 |    74 |    14 ||   125
Invok: Berserk           |     1 |     2 |     5 |     2 ||    10
       Trog's Hand       |       |     2 |     1 |     2 ||     5
       Burn Spellbooks   |       |       |       |     2 ||     2
  Use: Scroll            |       |       |    13 |       ||    13
 Stab: Sleeping          |     1 |       |       |       ||     1
  Eat: Chunk             |     1 |     6 |    17 |     4 ||    28
       Ration            |       |       |     1 |     1 ||     2
Armor: Animal skin       |     8 |       |       |       ||     8
       Scale mail        |    26 |     6 |       |       ||    32
       Plate armour      |       |    86 |   185 |    61 ||   332
Dodge: Dodged            |    57 |    37 |   123 |    44 ||   261
